NWL (28 & UNDER)
SAN DIEGO SMASHERS @ MENLO MANIACS
07/25/2026
 
TOP OF THE 1ST
San Diego Smashers batting - Pitching for Menlo Maniacs : LHP Steven England
Pitching: LHP Steven England
Batting: RHB Ricardo Guzmán 0-0: Foul Ball, location: 2F
0-1: Ball
1-1: Ball
2-1: Ground out 5-3 (Groundball, 5S)
Batting: RHB Fred Ameris 0-0: Ball
1-0: Foul Ball, location: 2F
1-1: Fly out, F7 (Line Drive, 7M)
Batting: RHB Phil White 0-0: Ball
1-0: Called Strike
1-1: Called Strike
1-2: Strikes out swinging
Top of the 1st over - 0 run(s), 0 hit(s), 0 error(s), 0 left on base; San Diego 0 - Menlo 0
BOTTOM OF THE 1ST
Menlo Maniacs batting - Pitching for San Diego Smashers : RHP Duane Carlson
Pitching: RHP Duane Carlson
Batting: RHB Daryl Floyd 0-0: Foul Ball, location: 2F
0-1: Ball
1-1: Ground out 4-3 (Groundball, 4M)
Batting: RHB Steve Sampson 0-0: Foul Ball, location: 2F
0-1: Ground out 5-3 (Groundball, 5)
Batting: LHB Arthur Hall 0-0: Ball
1-0: Ball
2-0: Foul Ball, location: 2F
2-1: Foul Ball, location: 2F
2-2: Ball
3-2: Base on Balls
Batting: LHB Marcos Pérez 0-0: Ball
1-0: Called Strike
1-1: Ball
2-1: Foul Ball, location: 2F
2-2: Ball
3-2: Ground out 1-3 (Groundball, 13S)
Bottom of the 1st over - 0 run(s), 0 hit(s), 0 error(s), 1 left on base; San Diego 0 - Menlo 0
TOP OF THE 2ND
San Diego Smashers batting - Pitching for Menlo Maniacs : LHP Steven England
Batting: RHB Marty Hendrickson 0-0: Ground out 5-3 (Groundball, 56S)
Batting: RHB António López 0-0: Ball
1-0: Ball
2-0: SINGLE (Groundball, 6)
Batting: RHB Fletcher Reed 0-0: Ball
1-0: Fly out, F4 (Popup, 4S)
Batting: RHB Manuel Muńóz 0-0: Ball
1-0: Ball
2-0: Called Strike
2-1: Ball
3-1: Fly out, F9 (Flyball, 89D)
Top of the 2nd over - 0 run(s), 1 hit(s), 0 error(s), 1 left on base; San Diego 0 - Menlo 0
BOTTOM OF THE 2ND
Menlo Maniacs batting - Pitching for San Diego Smashers : RHP Duane Carlson
Batting: LHB Keith Green 0-0: Called Strike
0-1: Ball
1-1: Ball
2-1: Called Strike
2-2: Strikes out looking
Batting: RHB Jesús Cuevas 0-0: Called Strike
0-1: Ball
1-1: Foul Ball, location: 2F
1-2: Foul Ball, location: 2F
1-2: Foul Ball, location: 2F
1-2: Strikes out looking
Batting: RHB Luis Ramírez 0-0: Ball
1-0: Swinging Strike
1-1: Called Strike
1-2: Foul Ball, location: 2F
1-2: Ball
2-2: Ground out 4-3 (Groundball, 4)
Bottom of the 2nd over - 0 run(s), 0 hit(s), 0 error(s), 0 left on base; San Diego 0 - Menlo 0
TOP OF THE 3RD
San Diego Smashers batting - Pitching for Menlo Maniacs : LHP Steven England
Batting: SHB Chris Woods 0-0: Foul Ball, location: 2F
0-1: Called Strike
0-2: Strikes out swinging
Batting: LHB Francisco Medina 0-0: Ground out 4-3 (Groundball, 4)
Batting: RHB Ricardo Guzmán 0-0: Called Strike
0-1: Ground out 6-3 (Groundball, 6)
Top of the 3rd over - 0 run(s), 0 hit(s), 0 error(s), 0 left on base; San Diego 0 - Menlo 0
BOTTOM OF THE 3RD
Menlo Maniacs batting - Pitching for San Diego Smashers : RHP Duane Carlson
Batting: RHB Robert Downing 0-0: Ball
1-0: SINGLE (Groundball, 5L)
Batting: RHB Gilberto León 0-0: Ball
1-0: Ball
2-0: Ball
3-0: Called Strike
3-1: Ground out 4-3 (Groundball, 4M)
Robert Downing to second
Batting: RHB Daryl Floyd 0-0: Called Strike
0-1: Ball
1-1: Foul Ball, location: 2F
1-2: Ball
2-2: Foul Ball, location: 2F
2-2: Foul Ball, location: 2F
2-2: Ball
3-2: Foul Ball, location: 2F
3-2: Foul Ball, location: 2F
3-2: Fly out, F8 (Flyball, 89D)
Runner from 2nd tags up, SAFE at 3rd, no throw
Batting: RHB Steve Sampson 0-0: Called Strike
0-1: SINGLE (Groundball, 56)
Robert Downing scores
Batting: LHB Arthur Hall 0-0: Ball
1-0: Ball
2-0: Ground out 4-3 (Groundball, 4)
Bottom of the 3rd over - 1 run(s), 2 hit(s), 0 error(s), 1 left on base; San Diego 0 - Menlo 1
TOP OF THE 4TH
San Diego Smashers batting - Pitching for Menlo Maniacs : LHP Steven England
Batting: RHB Fred Ameris 0-0: Ball
1-0: Swinging Strike
1-1: Ball
2-1: Ground out 6-3 (Groundball, 6)
Batting: RHB Phil White 0-0: Called Strike
0-1: Foul Ball, location: 2F
0-2: Ball
1-2: Fly out, F3 (Popup, 3)
Batting: RHB Marty Hendrickson 0-0: Foul Ball, location: 2F
0-1: Swinging Strike
0-2: Ball
1-2: Strikes out swinging
Top of the 4th over - 0 run(s), 0 hit(s), 0 error(s), 0 left on base; San Diego 0 - Menlo 1
BOTTOM OF THE 4TH
Menlo Maniacs batting - Pitching for San Diego Smashers : RHP Duane Carlson
Batting: LHB Marcos Pérez 0-0: Ground out 4-3 (Groundball, 4)
Batting: LHB Keith Green 0-0: Called Strike
0-1: DOUBLE (Line Drive, 5)
Batting: RHB Jesús Cuevas 0-0: Foul Ball, location: 2F
0-1: Ball
1-1: Ball
2-1: Ground out 5-3 (Groundball, 56)
Batting: RHB Luis Ramírez 0-0: Called Strike
0-1: DOUBLE (Line Drive, 8RS)
Keith Green scores
Batting: RHB Robert Downing 0-0: Ball
1-0: DOUBLE (Groundball, 5L)
Luis Ramírez scores
Batting: RHB Gilberto León 0-0: Called Strike
0-1: Fly out, F4 (Line Drive, 4MD)
Bottom of the 4th over - 2 run(s), 3 hit(s), 0 error(s), 1 left on base; San Diego 0 - Menlo 3
TOP OF THE 5TH
San Diego Smashers batting - Pitching for Menlo Maniacs : LHP Steven England
Batting: RHB António López 0-0: SOLO HOME RUN (Flyball, 7LD), Distance : 359 ft
Batting: RHB Fletcher Reed 0-0: Ground out 5-3 (Groundball, 5S)
Batting: RHB Manuel Muńóz 0-0: SINGLE (Line Drive, 3)
Batting: SHB Chris Woods 0-0: Called Strike
0-1: Grounds into double play, 6-4-3 (Groundball, 6)
Top of the 5th over - 1 run(s), 2 hit(s), 0 error(s), 0 left on base; San Diego 1 - Menlo 3
BOTTOM OF THE 5TH
Menlo Maniacs batting - Pitching for San Diego Smashers : RHP Duane Carlson
Batting: RHB Daryl Floyd 0-0: Ball
1-0: Foul Ball, location: 2F
1-1: Called Strike
1-2: Ground out 5-3 (Groundball, 56)
Batting: RHB Steve Sampson 0-0: Ball
1-0: Called Strike
1-1: Fly out, F9 (Flyball, 9M)
Batting: LHB Arthur Hall 0-0: Called Strike
0-1: Ball
1-1: Foul Ball, location: 2F
1-2: Ground out 3-1 (Groundball, 34S)
Bottom of the 5th over - 0 run(s), 0 hit(s), 0 error(s), 0 left on base; San Diego 1 - Menlo 3
TOP OF THE 6TH
San Diego Smashers batting - Pitching for Menlo Maniacs : LHP Steven England
Batting: LHB Francisco Medina 0-0: Ball
1-0: Swinging Strike
1-1: Ball
2-1: Ball
3-1: Fly out, F8 (Flyball, 8RD)
Batting: RHB Ricardo Guzmán 0-0: Ball
1-0: Ball
2-0: Ball
3-0: Base on Balls
Batting: RHB Fred Ameris 0-0: Ball
1-0: Ball
2-0: Ball
3-0: Called Strike
3-1: Foul Ball, location: 2F
3-2: Base on Balls
Ricardo Guzmán to second
Batting: RHB Phil White 0-0: Ball
1-0: Swinging Strike
1-1: Ball
Fred Ameris steals 2nd base
Ricardo Guzmán to third
2-1: Foul Ball, location: 2F
2-2: Foul Ball, location: 2F
2-2: Foul Ball, location: 2F
2-2: Strikes out swinging
Batting: RHB Marty Hendrickson 0-0: Called Strike
0-1: Swinging Strike
0-2: Fly out, F6 (Line Drive, 6)
Top of the 6th over - 0 run(s), 0 hit(s), 0 error(s), 2 left on base; San Diego 1 - Menlo 3
BOTTOM OF THE 6TH
Menlo Maniacs batting - Pitching for San Diego Smashers : RHP Duane Carlson
Batting: LHB Marcos Pérez 0-0: Ball
1-0: Ball
2-0: DOUBLE (Line Drive, 9LS)
Batting: LHB Keith Green 0-0: Foul Ball, location: 2F
0-1: 2-RUN HOME RUN (Flyball, 78XD), Distance : 406 ft
Batting: RHB Jesús Cuevas 0-0: Ground out 6-3 (Groundball, 6)
Batting: RHB Luis Ramírez 0-0: Ball
1-0: Foul Ball, location: 2F
1-1: Ball
2-1: Foul Ball, location: 2F
2-2: Ground out 4-3 (Groundball, 4)
Batting: RHB Robert Downing 0-0: Called Strike
0-1: SINGLE (Groundball, 25) (infield hit)
Batting: RHB Gilberto León 0-0: Ball
1-0: Swinging Strike
1-1: Swinging Strike
1-2: Strikes out swinging
Bottom of the 6th over - 2 run(s), 3 hit(s), 0 error(s), 1 left on base; San Diego 1 - Menlo 5
TOP OF THE 7TH
San Diego Smashers batting - Pitching for Menlo Maniacs : LHP Steven England
Batting: RHB António López 0-0: Ground out 6-3 (Groundball, 6)
Batting: RHB Fletcher Reed 0-0: SINGLE (Groundball, 6MD)
Batting: RHB Manuel Muńóz 0-0: Ball
1-0: Ball
2-0: Called Strike
2-1: Fly out, F7 (Flyball, 7S)
Batting: SHB Chris Woods 0-0: Ball
1-0: Foul Ball, location: 2F
1-1: Foul Ball, location: 2F
1-2: Ball
2-2: Fly out, F2 (Popup, 2RF)
Top of the 7th over - 0 run(s), 1 hit(s), 0 error(s), 1 left on base; San Diego 1 - Menlo 5
BOTTOM OF THE 7TH
Menlo Maniacs batting - Pitching for San Diego Smashers : RHP Duane Carlson
Pitching: RHP Cedric Sherston
Batting: RHB Daryl Floyd 0-0: Foul Ball, location: 2F
0-1: Ball
1-1: Ball
2-1: Foul Ball, location: 2F
2-2: SINGLE (Groundball, 56) (infield hit)
Batting: RHB Steve Sampson 0-0: Bunted foul
0-1: Ball
1-1: Bunted foul
1-2: Strikes out swinging
Batting: LHB Arthur Hall 0-0: Ball
1-0: Ball
2-0: Fielders Choice at 2nd, 4-6 (Groundball, 4)
Batting: LHB Marcos Pérez 0-0: Ball
1-0: Ball
2-0: Fly out, F9 (Flyball, 9LMF)
Bottom of the 7th over - 0 run(s), 1 hit(s), 0 error(s), 1 left on base; San Diego 1 - Menlo 5
TOP OF THE 8TH
San Diego Smashers batting - Pitching for Menlo Maniacs : LHP Steven England
Batting: LHB Francisco Medina 0-0: Called Strike
0-1: Ground out 5-3 (Groundball, 6S)
Batting: RHB Ricardo Guzmán 0-0: Ball
1-0: Called Strike
1-1: Fly out, F8 (Flyball, 8RS)
Batting: RHB Fred Ameris 0-0: Ball
1-0: Ball
2-0: Called Strike
2-1: Ground out 4-3 (Groundball, 34)
Top of the 8th over - 0 run(s), 0 hit(s), 0 error(s), 0 left on base; San Diego 1 - Menlo 5
BOTTOM OF THE 8TH
Menlo Maniacs batting - Pitching for San Diego Smashers : RHP Cedric Sherston
Batting: LHB Keith Green 0-0: Called Strike
0-1: Ball
1-1: Foul Ball, location: 2F
1-2: Ball
2-2: Strikes out swinging
Batting: RHB Jesús Cuevas 0-0: Ball
1-0: Ball
2-0: Foul Ball, location: 2F
2-1: Ground out 5-3 (Groundball, 56)
Batting: RHB Luis Ramírez 0-0: Ball
1-0: Ball
2-0: Foul Ball, location: 2F
2-1: Ball
3-1: Fly out, F6 (Line Drive, 6)
Bottom of the 8th over - 0 run(s), 0 hit(s), 0 error(s), 0 left on base; San Diego 1 - Menlo 5
TOP OF THE 9TH
San Diego Smashers batting - Pitching for Menlo Maniacs : LHP Steven England
Batting: RHB Phil White 0-0: Swinging Strike
0-1: Called Strike
0-2: Foul Ball, location: 2F
0-2: Ball
1-2: Strikes out looking
Pitching: RHP Steve Poe
Batting: RHB Marty Hendrickson 0-0: Called Strike
0-1: Ball
1-1: Foul Ball, location: 2F
1-2: Fly out, F9 (Flyball, 9D)
Batting: RHB António López 0-0: Foul Ball, location: 2F
0-1: SINGLE (Flyball, 9S)
Batting: RHB Fletcher Reed 0-0: Fly out, F9 (Line Drive, 9D)
Top of the 9th over - 0 run(s), 1 hit(s), 0 error(s), 1 left on base; San Diego 1 - Menlo 5
Monday, December 5th, 2016 - OOTP Baseball 17.12 Build 75